 Dungeon Crawl Stone Soup version 0.31.0-32-g396128a36d (webtiles) character file.

Game seed: 2928516574255144757

383 mparten the Magician (level 7, -13/45 HPs)
             Began as a Djinni Fire Elementalist on Mar 31, 2024.
             Was an Initiate of Makhleb.
             Mangled by an orc warrior
             ... wielding a +0 scimitar
              (14 damage)
             ... on level 4 of the Dungeon.
             The game lasted 00:09:39 (2730 turns).

mparten the Magician (Djinni Fire Elementalist)     Turns: 2730, Time: 00:09:40

Health: -13/45     AC:  3    Str:  7    XL:     7   Next: 5%
Gold:   193        EV: 13    Int: 19    God:    Makhleb [......] SH:  0 Dex: 13

rFire   + + .        c - +0 dagger
rCold   x . .        (no shield)
rNeg    . . .        a - +0 robe
rPois   ∞            (no helmet)
rElec   .            (no cloak)
rCorr   .            j - +0 pair of gloves
SInv    .            (boots unavailable)
Will    .....        (no amulet)
Stlth   ++           (no ring)
HPRegen 0.27/turn    (no ring)
MPRegen 0.00/turn

%: infuse magic (-14 HP)
@: flying
A: sickness immunity, fire resistance 2, cold vulnerability 1, float, innate
caster, HP casting, extra vitality 1
a: Renounce Religion


You were on level 4 of the Dungeon.
You worshipped Makhleb.
Makhleb was noncommittal.
You visited 1 branch of the dungeon, and saw 4 of its levels.

You collected 193 gold pieces.

Inventory:

Hand Weapons
 c - a +0 dagger (weapon)
Armour
 a - a +0 robe (worn)
 j - a +0 pair of gloves (worn)
Talismans
 h - a maw talisman
Wands
 e - a wand of iceblast (5)
Scrolls
 d - 3 scrolls of teleportation {unknown}
 i - a scroll of revelation {unknown}
 k - a scroll of identify {unknown}
Potions
 b - 2 potions of brilliance {unknown}
 f - a potion of might {unknown}
 g - a potion of haste {unknown}


   Skills:
 + Level 4.6 Dodging
 - Level 1.5 Stealth
 * Level 5.3 Spellcasting
 * Level 5.3 Conjurations
 * Level 5.3 Hexes
   Level 0.0 Charms
 * Level 5.3 Summonings
 * Level 5.3 Necromancy
 * Level 5.3 Translocations
   Level 0.0 Transmutations
 * Level 5.3 Fire Magic
 * Level 5.3 Ice Magic
 * Level 5.3 Air Magic
 * Level 5.3 Earth Magic
 * Level 5.3 Alchemy


You knew the following spells:

 Your Spells              Type           Power      Damage    Failure   Level
a - Foxfire               Conj/Fire      100%       2x1d9     1%          1
b - Scorch                Fire           50%        2d7       1%          2
c - Volatile Blastmotes   Fire/Tloc      50%        2d14      4%          3
d - Inner Flame           Hex/Fire       25%        N/A       4%          3
e - Flame Wave            Conj/Fire      25%        2d8       13%         4
f - Apportation           Tloc           50%        N/A       1%          1
g - Lesser Beckoning      Tloc           50%        N/A       1%          2
h - Frozen Ramparts       Ice            50%        1d8       4%          3
Your spell library was empty.

Dungeon Overview and Level Annotations

Branches:
Dungeon (4/15)
 Temple: D:4-7

Altars:
Ashenzari
Elyvilon
Hepliaklqana
Makhleb
Ru
Zin

Annotations:
D:3 1 runed translucent door, Crazy Yiuf


Innate Abilities, Weirdness & Mutations

You are immune to sickness and miasma.
You are immune to poison.
Your flesh is very heat resistant. (rF++)
You are vulnerable to cold. (rC-)
You float through the air rather than walking.
You learn spells naturally, not from books.
Your magical power is your life essence.
You have superior vitality. (+4 MHP)


Message History

You can't see any susceptible monsters within range! (Use Z to cast anyway.) Flames lash the hobgoblin.
You kill the hobgoblin!
Makhleb accepts your kill.
You take 2 damage, and have 43/45 hp.
An orc warrior comes into view. It is wielding a +0 scimitar.
An orc comes into view. It is wielding a +0 dagger.
Flames lash the orc warrior.
The orc warrior is moderately wounded.
The orc warrior's fire resistance burns away.
An orc wizard comes into view. It is wielding a +0 dagger.
You take 2 damage, and have 42/45 hp.
Flames lash the orc warrior but do no damage.
You take 1 damage, and have 41/45 hp.
Flames lash the orc warrior.
The orc warrior is burned terribly!
The orc warrior is severely wounded.
The orc warrior barely misses you.
You take 2 damage, and have 39/45 hp.
Flames lash the orc warrior.
The orc warrior is burned terribly!
The orc warrior is almost dead.
The orc warrior hits you with a +0 scimitar!
You take 15 damage, and have 24/45 hp.
MASSIVE DAMAGE!!
You are too injured to fight recklessly!
The orc warrior attacks as it pursues you!
The orc warrior hits you with a +0 scimitar.
You take 6 damage, and have 18/45 hp.
The orc warrior attacks as it pursues you!
The orc warrior hits you with a +0 scimitar.
Casting: Scorch (safe; 1% risk of failure)
Confirm with . or Enter, or press ? or * to list all spells.
Flames lash the orc warrior but do no damage.
The orc warrior hits you with a +0 scimitar!
* * * LOW HITPOINT WARNING * * *
You take 17 damage, and have 1/45 hp.
MASSIVE DAMAGE!!
Casting: Scorch (safe; 1% risk of failure)
Confirm with . or Enter, or press ? or * to list all spells.
You don't have enough health to cast this spell.
The orc warrior attacks as it pursues you!
The orc warrior hits you with a +0 scimitar!
You die...

##.......# ..
##........# ..#
..........##...#
...........#...#
###....†o.....##
#.......o......#
#..........^....
#.......o...>...
#######.@...####
#..........##
##..........#
#...........# ..
####.......## ..#
##.......### #..# ###
###>......## ..#
#.#####....<...####..#
##...#....##.....#...#


You could see an orc warrior (combustible), an orc wizard and an orc.

Vanquished Creatures
  Grinder (D:3)
  A scorpion (D:3)
  6 adders
  A dart slug (D:1)
  A ribbon worm (D:3)
  8 orcs (D:3)
  7 ball pythons
  6 endoplasms
  7 giant cockroaches
  5 goblins
  5 hobgoblins
  4 jackals (D:2)
  A quokka (D:2)
  5 bats
  3 frilled lizards
  2 kobolds
  2 rats
65 creatures vanquished.

Vanquished Creatures (others)
  146 foxfires
146 creatures vanquished.

Grand Total: 211 creatures vanquished

Notes
Turn   | Place    | Note
-------+----------+-------------------------------------------
     0 | D:1      | mparten the Djinni Fire Elementalist began the quest for
                  | the Orb.
     0 | D:1      | mparten set off with the following spells memorised:
                  | Foxfire, Scorch, Volatile Blastmotes, Inner Flame, Flame
                  | Wave.
     0 | D:1      | Reached XP level 1. HP: 15/15 MP: 0/0
   176 | D:1      | Reached XP level 2. HP: 17/21 MP: 0/0
   793 | D:1      | Reached XP level 3. HP: 21/25 MP: 0/0
   793 | D:1      | Learned a level 1 spell: Apportation
  1205 | D:2      | Reached XP level 4. HP: 25/31 MP: 0/0
  1602 | D:3      | Found a burning altar of Makhleb.
  1608 | D:3      | Found a sacrificial altar of Ru.
  1609 | D:3      | Became a worshipper of Makhleb the Destroyer
  1797 | D:3      | Noticed Grinder
  1801 | D:3      | Paralysed by Grinder for 3 turns
  1806 | D:3      | Killed Grinder
  1807 | D:3      | Reached skill level 5 in Spellcasting
  1807 | D:3      | Reached skill level 5 in Conjurations
  1807 | D:3      | Reached skill level 5 in Hexes
  1807 | D:3      | Reached skill level 5 in Summonings
  1807 | D:3      | Reached skill level 5 in Necromancy
  1807 | D:3      | Reached skill level 5 in Translocations
  1807 | D:3      | Reached skill level 5 in Fire Magic
  1807 | D:3      | Reached skill level 5 in Ice Magic
  1807 | D:3      | Reached skill level 5 in Air Magic
  1807 | D:3      | Reached skill level 5 in Earth Magic
  1807 | D:3      | Reached skill level 5 in Alchemy
  1807 | D:3      | Reached XP level 5. HP: 22/35 MP: 0/0
  1807 | D:3      | Learned a level 2 spell: Lesser Beckoning
  1807 | D:3      | Reached XP level 6. HP: 26/40 MP: 0/0
  2183 | D:3      | Found a faded altar of an unknown god.
  2224 | D:3      | Found a white marble altar of Elyvilon.
  2225 | D:3      | Found a broken altar of Ashenzari.
  2231 | D:3      | Found a glowing silver altar of Zin.
  2232 | D:3      | Found a hazy altar of Hepliaklqana.
  2335 | D:3      | Reached XP level 7. HP: 43/45 MP: 0/0
  2335 | D:3      | Learned a level 3 spell: Frozen Ramparts
  2525 | D:3      | Found a runed translucent door.
  2526 | D:3      | Noticed Crazy Yiuf
  2729 | D:4      | HP: 1/45 [orc warrior/+0 scimitar (15)]
  2730 | D:4      | Mangled by an orc warrior

Illustrated notes

Levels and vault maps discovered:
D:1:      dpeg_arrival_arbitrary_b, layout_loops_corners, hex_medium
D:2:      layout_rooms
D:3:      layout_loops_ring, nicolae_overflow_hallway_of_the_gods,
          dreamdust_ecumenical_altar_angels_and_demons, saegor_snake_ambush,
          uniq_grinder, uniq_crazy_yiuf_cottage
D:4:      layout_layer_cave, minmay_temple_entry_poolview

Skill      XL: |  1  2  3  4 |
---------------+-------------+-----
Dodging        | 3 4 |  4.6
Spellcasting   | 5 |  5.3
Conjurations   | 5 |  5.3
Hexes          | 5 |  5.3
Summonings     | 5 |  5.3
Necromancy     | 5 |  5.3
Translocations | 5 |  5.3
Fire Magic     | 5 |  5.3
Ice Magic      | 5 |  5.3
Air Magic      | 5 |  5.3
Earth Magic    | 5 |  5.3
Alchemy        | 5 |  5.3
Stealth        | |  1.5

Action                     |  1- 3 |  4- 6 |  7- 9 || total
---------------------------+-------+-------+-------++-------
  Melee: Unarmed           |     1 |       |       ||     1
   Cast: Foxfire           |    74 |    32 |       ||   106
         Scorch            |       |    28 |    16 ||    44
 Armour: Robe              |    16 |     1 |     6 ||    23
  Dodge: Dodged            |    15 |     5 |     1 ||    21
